Map: [G8] Royal Blood

Players

Elazer

  • Race: Zerg Zerg
  • Spawn Location: 7:00

Dark - Winner!

  • Race: Zerg Zerg
  • Spawn Location: 1:00

Event: Gamers8 2023

VOD

Have the link to the VOD?

Description

Time

  • Played on: Aug. 3, 2023, 11:46 a.m.
  • Length: 9:05

All games in this series

Show
View Real Time Build Order
Export as new Build Order

Elazer Zerg 

Build Orders: Hatch First 

Get SALT Encoding   

  12  0:00  Drone  
  13  0:11  Overlord  
  13  0:16  Drone  
  14  0:30  Drone x2  
  16  0:47  Hatchery  
  15  0:50  Drone  
  15  0:54  Drone  
  17  0:57  Drone  
  18  1:07  Extractor  
  17  1:12  Spawning Pool  
  17  1:16  Drone  
  17  1:19  Drone  
  18  1:27  Drone  
  19  1:38  Drone  
  20  1:49  Drone  
  21  1:59  Queen x2  
  21  2:00  Zergling x2  
  26  2:02  Overlord  
  26  2:07  Metabolic Boost  
  26  2:10  Drone x2  
  28  2:22  Zergling x2  
  29  2:23  Drone  
  30  2:33  Hatchery  
  30  2:35  Drone  
  30  2:37  Drone  
  30  2:43  Drone  
  32  2:47  Baneling Nest  
  31  2:53  Overlord, Drone  
  31  2:57  Drone  
  33  3:08  Drone x3  
  33  3:12  Zergling x8  
  40  3:17  Queen  
  42  3:24  Overlord  
  42  3:26  Drone x2  
  44  3:38  Overlord  
  44  3:43  Drone x5  
  44  3:44  Drone x2  
  50  3:53  Overlord  
  50  3:57  Roach Warren  
  50  3:59  Lair  
  50  4:00  Drone x2  
  51  4:06  Overlord  
  51  4:10  Drone x4  
  51  4:14  Extractor, Drone  
  51  4:15  Drone x2  
  57  4:17  Drone  
  57  4:18  Drone  
  57  4:21  Drone  
  57  4:23  Drone x2  
  62  4:30  Drone  
  62  4:31  Extractor, Drone x3  
  66  4:32  Overlord  
  66  4:36  Overlord  
  65  4:44  Roach  
  65  4:45  Roach x4  
  75  4:50  Overlord  
  75  4:52  Roach x2  
  79  4:57  Overlord  
  79  4:58  Glial Reconstitution  
  79  5:00  Extractor  
  79  5:02  Drone x4  
  79  5:04  Overseer  
  79  5:06  Overlord  
  81  5:15  Roach x4  
  81  5:17  Overlord  
  81  5:20  Roach  
  91  5:25  Queen  
  91  5:26  Queen x2  
  95  5:31  Spore Crawler  
  95  5:32  Spore Crawler  
  95  5:33  Spore Crawler  
  92  5:36  Spore Crawler  
  91  5:43  Overlord  
  91  5:44  Drone x7  
  91  5:49  Drone x4  
  102  5:54  Overlord  
  102  5:55  Roach  
  103  5:59  Overlord  
  103  6:01  Overlord  
  102  6:06  Roach x3  
  108  6:12  Overlord  
  108  6:16  Roach x3, Evolution Chamber  
  108  6:17  Roach  
  115  6:21  Hydralisk Den  
  115  6:23  Overlord  
  115  6:25  Overlord  
  114  6:28  Overlord  
  113  6:33  Drone  
  113  6:35  Extractor  
  113  6:36  Extractor, Drone x7  
  113  6:38  Drone x2  
  121  6:40  Drone  
  121  6:41  Drone  
  121  6:46  Overlord  
  121  6:51  Zerg Missile Weapons Level 1, Overlord  
  121  6:52  Grooved Spines  
  120  6:58  Hydralisk  
  120  6:59  Hydralisk  
  124  7:13  Roach x2  
  124  7:15  Hatchery, Hydralisk x5  
  137  7:23  Hydralisk x3  
  137  7:29  Overlord x2  
  141  7:33  Hydralisk x3  
  147  7:42  Roach x5  
  157  7:46  Roach x2  
  157  7:47  Overseer  
  161  7:51  Roach  
  161  7:52  Roach  
  161  7:58  Roach x4  
  173  8:04  Roach x2  
  177  8:16  Overlord x2  
  177  8:21  Overlord  
  177  8:25  Evolution Chamber  
  169  8:27  Infestation Pit  
  167  8:37  Roach x8  
  176  8:44  Extractor  
  137  8:50  Extractor  
Show
View Real Time Build Order
Export as new Build Order

Dark Zerg - Winner!

Build Orders: Hatch First 

Get SALT Encoding   

  12  0:00  Drone  
  13  0:13  Overlord  
  13  0:17  Drone  
  14  0:32  Drone x2  
  16  0:48  Hatchery  
  15  0:53  Drone  
  15  0:56  Drone  
  17  0:59  Drone  
  18  1:10  Extractor  
  17  1:14  Spawning Pool  
  17  1:16  Drone  
  17  1:19  Drone  
  18  1:29  Drone  
  19  1:40  Drone  
  20  1:50  Overlord  
  20  2:00  Queen x2  
  25  2:01  Zergling x2  
  25  2:02  Drone  
  26  2:10  Drone  
  26  2:12  Drone  
  28  2:21  Drone  
  28  2:22  Drone  
  30  2:32  Overlord  
  30  2:35  Drone  
  30  2:36  Queen  
  33  2:38  Lair  
  33  2:43  Zergling x2  
  34  2:52  Drone  
  34  2:55  Drone x2  
  37  3:06  Overlord, Drone  
  37  3:08  Drone x4  
  37  3:09  Drone  
  37  3:10  Drone  
  37  3:11  Evolution Chamber  
  43  3:18  Roach Warren  
  42  3:20  Drone  
  42  3:21  Drone  
  42  3:26  Extractor  
  44  3:27  Extractor x2, Drone  
  44  3:30  Drone  
  43  3:42  Evolution Chamber  
  43  3:43  Drone x2  
  43  3:46  Drone x2  
  43  3:47  Spire  
  45  3:51  Drone  
  45  3:52  Drone x2  
  47  3:57  Zerg Missile Weapons Level 1  
  47  3:59  Drone x2  
  47  4:02  Drone  
  50  4:06  Overlord  
  50  4:10  Glial Reconstitution  
  50  4:15  Drone  
  50  4:16  Overlord  
  51  4:25  Roach x2  
  51  4:26  Roach  
  51  4:27  Drone  
  58  4:31  Overlord  
  58  4:35  Overlord  
  58  4:38  Roach  
  60  4:39  Roach  
  62  4:59  Mutalisk  
  62  5:00  Mutalisk x3  
  62  5:02  Hatchery  
  62  5:06  Mutalisk  
  71  5:14  Drone  
  71  5:15  Drone x2  
  71  5:16  Overlord  
  71  5:17  Roach  
  76  5:24  Roach  
  76  5:25  Roach  
  80  5:30  Drone x3  
  80  5:32  Overlord  
  80  5:34  Overlord x2  
  83  5:38  Roach  
  83  5:41  Drone  
  86  5:50  Drone  
  86  5:54  Drone x2  
  86  5:55  Drone x2  
  91  5:58  Drone x2  
  91  6:00  Drone x2  
  95  6:04  Zerg Missile Weapons Level 2  
  95  6:05  Zerg Ground Armor Level 1  
  95  6:07  Mutalisk  
  97  6:13  Roach  
  97  6:18  Extractor  
  98  6:19  Extractor  
  98  6:20  Roach x3  
  98  6:24  Drone x3  
  106  6:27  Drone x3  
  106  6:32  Drone x2  
  111  6:36  Roach x2  
  115  6:40  Overlord  
  115  6:41  Overlord  
  115  6:42  Overseer  
  115  6:49  Roach  
  115  6:51  Roach x2  
  121  6:54  Overlord  
  121  6:55  Overlord x2  
  121  6:57  Overlord  
  121  7:00  Roach x4  
  129  7:05  Roach x2  
  133  7:10  Roach x2  
  133  7:14  Roach x2  
  141  7:18  Roach  
  143  7:23  Roach x2  
  155  7:30  Roach x4  
  155  7:35  Ravager x3  
  155  7:36  Ravager x3, Overlord  
  161  7:38  Roach  
  161  7:39  Roach x2  
  161  7:42  Roach  
  161  7:43  Hatchery  
  168  7:45  Ravager  
  168  7:46  Overlord  
  168  7:47  Overlord  
  169  8:01  Overlord  
  169  8:06  Roach x8  
  169  8:10  Overlord x2  
  185  8:18  Overlord  
  185  8:23  Roach x4  
  193  8:35  Roach  
  193  8:38  Roach x2  
  193  8:40  Roach  
  190  8:43  Roach  
  190  8:45  Roach  
Tags
 
Add a new tag
Caveats
  • Supply blocks, unpowered buildings, or Contaminate may cause inaccurate times.
  • Supply counts are checked every 10 seconds.